 Dungeon Crawl Stone Soup version 0.29.0-4-gdea44cf6ec (webtiles) character file.

Game seed: 3968562931219420444

268 qw the Chopper (level 6, -11/35 HPs)
             Began as a Tengu Warper on Aug 28, 2022.
             Mangled by a gnoll
             ... wielding a +0 halberd
              (12 damage)
             ... on level 4 of the Dungeon.
             The game lasted 00:00:22 (4651 turns).

qw the Chopper (Tengu Warper)                       Turns: 4651, Time: 00:00:23

Health: -11/35     AC: 10    Str: 14    XL:     6   Next: 21%
Magic:  10/10      EV:  7    Int: 13    God:
Gold:   205        SH:  0    Dex: 13    Spells: 9/9 levels left

rFire   . . .      SeeInvis .   b - +0 war axe
rCold   . . .      Faith    .   (no shield)
rNeg    . . .      Spirit   .   c - +0 chain mail
rPois   .          Reflect  .   (helmet restricted)
rElec   .          Harm     .   d - +1 cloak
rCorr   .          Rampage  .   (no gloves)
Will    .....                   (boots unavailable)
Stlth   ..........              (no amulet)
HPRegen 0.11/turn               (no ring)
MPRegen 0.12/turn               (no ring)

@: flying quickly and evasively, quick
A: beak, talons 3, nimble flight
a: no special abilities


You were on level 4 of the Dungeon.
You visited 1 branch of the dungeon, and saw 4 of its levels.

You collected 205 gold pieces.


Innate Abilities, Weirdness & Mutations

You have a beak for a mouth.
You have claws for feet.
Your magical nature lets you fly swiftly and evasively.


   Skills:
 - Level 2.0 Fighting
 + Level 6.6 Axes
 - Level 1.0 Throwing
 - Level 2.2 Armour
 - Level 2.1 Dodging
 - Level 2.0 Spellcasting
 - Level 2.4 Translocations


You had 9 spell levels left.
You didn't know any spells.
Your spell library contained the following spells:

 Spells                   Type           Power      Damage    Failure   Level
 Blink                    Tloc           14%        N/A       98%         2
 Gell's Gravitas          Tloc           7%         N/A       100%        3
 Lesser Beckoning         Tloc           7%         N/A       100%        3
 Teleport Other           Tloc           7%         N/A       100%        3
 Manifold Assault         Tloc           7%         N/A       100%        5

Inventory:

Hand Weapons
 b - a +0 war axe (weapon)
 k - a +0 flail
Missiles
 f - 2 boomerangs (quivered)
Armour
 c - a +0 chain mail (worn)
 d - a +1 cloak (worn)
Scrolls
 h - a scroll of identify
Potions
 a - a potion of haste
 e - a potion of curing {unknown}
 g - a potion of ambrosia {unknown}
 i - a potion of lignification {unknown}
 j - a potion of attraction {unknown}

Dungeon Overview and Level Annotations

Branches:
Dungeon (4/15)
 Temple: D:4-7

Altars:
Dithmenos
Hepliaklqana
Yredelemnul
The Shining One


Message History

The gnoll is lightly wounded.
The gnoll hits you with a +0 club.
You barely miss the gnoll. Your kick misses the gnoll.
The gnoll is lightly wounded.
The gnoll hits you but does no damage. The gnoll hits you with a +0 club.
The gnoll hits you but does no damage. x2
You hit the gnoll. Your kick misses the gnoll.
The gnoll is moderately wounded.
You hit the hobgoblin.
The gnoll hits you but does no damage. x2; The gnoll barely misses you.
The hobgoblin barely misses you.
You slash the gnoll!
You kill the gnoll!
You closely miss the hobgoblin.
The gnoll hits you from afar with a +2 vorpal spear.
The hobgoblin closely misses you. The gnoll barely misses you.
The gnoll hits you from afar with a +0 spear.
You barely miss the hobgoblin. You peck the hobgoblin.
The hobgoblin is severely wounded.
The gnoll hits you but does no damage.
The hobgoblin hits you but does no damage.
The gnoll hits you from afar with a +0 halberd.
The gnoll closely misses you.
You hit the hobgoblin but do no damage. You claw the hobgoblin.
You kill the hobgoblin!
The gnoll barely misses you. x2; The gnoll hits you but does no damage.
The gnoll barely misses you.
The gnoll hits you with a +2 vorpal spear!
The gnoll barely misses you.
You see here a +0 club.
You hit the gnoll. You claw the gnoll.
The gnoll is heavily wounded.
The gnoll barely misses you.
The gnoll hits you from afar with a +0 spear.
The gnoll hits you but does no damage.
You slash the gnoll!
You kill the gnoll!
The gnoll barely misses you. The gnoll hits you but does no damage.
The gnoll hits you from afar with a +0 halberd!
You die...

#.# #...# #.#
#...# #.# #...#
#.########
#...#######+#
#####..........
#..............
#.####.........
#.@.g.....
#..)g.....
#.........
#...$.....
#.........
#......?..
#......$..
#.........


You could see 2 gnolls.

Vanquished Creatures
  Menkaure (D:4)
  A hound (D:4)
  An iguana (D:4)
  2 gnolls (D:4)
  A dart slug (D:1)
  5 orcs (D:3)
  8 bats
  8 endoplasms
  4 giant cockroaches
  3 goblins
  8 hobgoblins
  3 jackals (D:1)
  2 quokkas (D:1)
  9 ball pythons
  7 frilled lizards
  7 kobolds
  7 rats
77 creatures vanquished.

Vanquished Creatures (others)
  2 plants (D:1)
2 creatures vanquished.

Grand Total: 79 creatures vanquished

Notes
Turn   | Place    | Note
-------+----------+-------------------------------------------
     0 | D:1      | qw the Tengu Warper began the quest for the Orb.
     0 | D:1      | Reached XP level 1. HP: 12/12 MP: 4/4
     0 | D:1      | 0 ||| qw: Version: 0.1-a-89-g26bdef1
     0 | D:1      | 0 ||| qw: Game counter: 805
     0 | D:1      | 0 ||| qw: Always use a shield: true
     0 | D:1      | 0 ||| qw: God list: Okawaru
     0 | D:1      | 0 ||| qw: Allow faded altars: false
     0 | D:1      | 0 ||| qw: Do Orc after D:15 true
     0 | D:1      | 0 ||| qw: Do second Lair branch before Depths: true
     0 | D:1      | 0 ||| qw: Lair rune preference: random
     0 | D:1      | 0 ||| qw: Plans: Normal
     0 | D:1      | 0 ||| PLANNING D:1-11
    36 | D:1      | Found a faded altar of an unknown god.
    91 | D:1      | 91 ||| Stepping ~*~*~tactically~*~*~ (hiding).
   155 | D:1      | Reached skill level 3 in Axes
   155 | D:1      | Reached XP level 2. HP: 17/17 MP: 6/6
   173 | D:1      | 173 ||| Stepping ~*~*~tactically~*~*~ (stealth).
   174 | D:1      | 174 ||| Stepping ~*~*~tactically~*~*~ (stealth).
   177 | D:1      | 177 ||| Stepping ~*~*~tactically~*~*~ (stealth).
   178 | D:1      | 178 ||| Stepping ~*~*~tactically~*~*~ (stealth).
   184 | D:1      | 184 ||| Stepping ~*~*~tactically~*~*~ (stealth).
   185 | D:1      | 185 ||| Stepping ~*~*~tactically~*~*~ (stealth).
   186 | D:1      | 186 ||| Stepping ~*~*~tactically~*~*~ (stealth).
   189 | D:1      | 189 ||| Stepping ~*~*~tactically~*~*~ (stealth).
   190 | D:1      | 190 ||| Stepping ~*~*~tactically~*~*~ (stealth).
   323 | D:1      | 323 ||| Stepping ~*~*~tactically~*~*~ (stealth).
   518 | D:1      | 518 ||| Stepping ~*~*~tactically~*~*~ (stealth).
   520 | D:1      | 520 ||| Stepping ~*~*~tactically~*~*~ (stealth).
   534 | D:1      | 534 ||| Stepping ~*~*~tactically~*~*~ (stealth).
   544 | D:1      | 544 ||| Stepping ~*~*~tactically~*~*~ (stealth).
   565 | D:1      | 565 ||| Stepping ~*~*~tactically~*~*~ (stealth).
   571 | D:1      | HP: 4/17 [jackal (2)]
   972 | D:1      | Reached XP level 3. HP: 20/21 MP: 7/7
  1128 | D:1      | Reached skill level 4 in Axes
  1131 | D:1      | 1131 ||| Stepping ~*~*~tactically~*~*~ (stealth).
  1147 | D:1      | 1147 ||| Stepping ~*~*~tactically~*~*~ (stealth).
  1288 | D:1      | 1288 ||| Stepping ~*~*~tactically~*~*~ (stealth).
  1320 | D:1      | 1320 ||| Stepping ~*~*~tactically~*~*~ (stealth).
  1770 | D:1      | 1770 ||| READING scroll labelled FAHUGA QYZEWOW.
  1771 | D:1      | 1771 ||| READING scroll labelled QIOVEM SOOJ.
  1772 | D:1      | 1772 ||| READING 2 scrolls labelled CUXIADDASCH.
  1773 | D:1      | 1773 ||| READING scroll labelled OXESAK HEWI.
  1774 | D:1      | 1774 ||| DROPPING scroll of blinking.
  2011 | D:2      | 2011 ||| FLEEEEING.
  2012 | D:2      | 2012 ||| FLEEEEING.
  2013 | D:2      | 2013 ||| FLEEEEING.
  2014 | D:2      | 2014 ||| FLEEEEING.
  2015 | D:2      | 2015 ||| FLEEEEING.
  2617 | D:2      | Reached XP level 4. HP: 26/26 MP: 8/8
  2665 | D:2      | 2665 ||| UPGRADING to +0 cloak.
  2670 | D:2      | 2670 ||| DROPPING orb of wrath.
  2671 | D:2      | 2671 ||| READING scroll labelled VECISTR XIUVOUQU.
  2772 | D:2      | 2772 ||| DRINKING 3 smoky emerald potions.
  2773 | D:2      | 2773 ||| DROPPING 2 potions of flight.
  2862 | D:3      | HP: 6/26 [orc/+0 trident (6)]
  3219 | D:3      | 3219 ||| Stepping ~*~*~tactically~*~*~ (stealth).
  3220 | D:3      | 3220 ||| Stepping ~*~*~tactically~*~*~ (stealth).
  3233 | D:3      | 3233 ||| DROPPING +0 whip.
  3296 | D:3      | Found a basalt altar of Yredelemnul.
  3297 | D:3      | Found a hazy altar of Hepliaklqana.
  3297 | D:3      | Found a shadowy altar of Dithmenos.
  3297 | D:3      | Found a glowing golden altar of the Shining One.
  3399 | D:3      | 3399 ||| READING scroll of enchant weapon.
  3399 | D:3      | 3399 ||| ENCHANTING +1 hand axe.
  3836 | D:3      | 3836 ||| READING scroll of enchant armour.
  3836 | D:3      | 3836 ||| ENCHANTING +0 cloak.
  3869 | D:3      | Reached skill level 5 in Axes
  3934 | D:3      | 3934 ||| UPGRADING to +0 chain mail.
  3944 | D:3      | 3944 ||| DROPPING +0 leather armour.
  3945 | D:3      | 3945 ||| READING 3 scrolls labelled ANA RIUDALEY.
  3946 | D:3      | 3946 ||| READING scroll labelled BEOTIF SOGINADOWA.
  3947 | D:3      | 3947 ||| READING 2 scrolls labelled WYTEACL VEREPY.
  3950 | D:3      | 3950 ||| READING scroll labelled DOKLEEG LALA.
  3951 | D:3      | 3951 ||| READING 2 scrolls of identify.
  3951 | D:3      | 3951 ||| IDENTIFYING smoky green potion
  3952 | D:3      | 3952 ||| DROPPING 2 scrolls of vulnerability.
  4075 | D:4      | Noticed Menkaure
  4076 | D:4      | 4076 ||| Stepping ~*~*~tactically~*~*~ (hiding).
  4077 | D:4      | 4077 ||| SWAPPING to +0 war axe.
  4087 | D:4      | HP: 5/26 [Menkaure/nerve-wracking pain (3)]
  4088 | D:4      | 4088 ||| READING scroll of teleportation.
  4089 | D:4      | Killed Menkaure
  4090 | D:4      | Reached skill level 6 in Axes
  4090 | D:4      | Gained mutation: Your magical nature lets you fly swiftly
                  | and evasively. [Tengu growth]
  4090 | D:4      | Reached XP level 5. HP: 6/30 MP: 9/9
  4090 | D:4      | Reached XP level 6. HP: 7/35 MP: 10/10
  4342 | D:4      | 4342 ||| DROPPING +2 hand axe.
  4649 | D:4      | HP: 6/35 [gnoll/+2 vorpal spear (7)]
  4650 | D:4      | HP: 1/35 [gnoll/+0 spear (2)]
  4651 | D:4      | Mangled by a gnoll

Levels and vault maps discovered:
D:1:      ebering_hopf_link, layout_basic,
          shapermc_ecumenical_altar_mp_ritualfount
D:2:      layout_loops_ring, minmay_ruptured
D:3:      layout_basic, chequers_temple_overflow_statue_of_worship,
          hangedman_decor_points
D:4:      layout_basic, minmay_pentangle, uniq_menkaure

Skill      XL: |  1  2  3  4 |
---------------+-------------+-----
Axes           | 3 4 6 |  6.6
Armour         | 2 |  2.2
Fighting       | |  2.0
Throwing       | |  1.0
Dodging        | |  2.1
Spellcasting   | |  2.0
Translocations | |  2.4

Action                   |  1- 3 |  4- 6 || total
-------------------------+-------+-------++-------
Melee: Hand axe          |   119 |    28 ||   147
       Punch             |     2 |       ||     2
       Kick              |    25 |    12 ||    37
       Peck              |    15 |    14 ||    29
       War axe           |       |    23 ||    23
Throw: Boomerang         |     7 |    22 ||    29
  Use: Scroll            |     4 |     9 ||    13
       Potion            |       |     1 ||     1
Armor: Leather armour    |    29 |     3 ||    32
       Chain mail        |       |    18 ||    18
Dodge: Dodged            |    60 |    29 ||    89

Table legend:
 A = Non-vault XP
 B = Vault XP
 C = Vault XP percentage of total XP
 D = Non-vault monster count
 E = Vault monster count
 F = Vault count percentage of total count
                 A         B        C        D         E       F
            +---------+---------+-------+---------+---------+-------
      Total |     227 |     172 |  43.1 |      74 |       3 |   3.9
            +---------+---------+-------+---------+---------+-------
        D:1 |      51 |       0 |   0.0 |      31 |       0 |   0.0
        D:2 |      29 |       3 |   9.4 |      21 |       2 |   8.7
        D:3 |      32 |       0 |   0.0 |      16 |       0 |   0.0
        D:4 |     115 |     169 |  59.5 |       6 |       1 |  14.3
            +---------+---------+-------+---------+---------+-------
